 Dungeon Crawl Stone Soup version 0.23.2-1-ga50397a6bc (webtiles) character file.

Game seed: 10850799716430235764

108 OneEyedShark the Skirmisher (level 4, 0/40 HPs)
             Began as a Draconian Fighter on May 28, 2019.
             Slain by a gnoll
             ... wielding a +0 halberd
              (14 damage)
             ... on level 2 of the Dungeon.
             The game lasted 00:03:20 (1717 turns).

OneEyedShark the Skirmisher (Draconian Fighter)     Turns: 1717, Time: 00:03:20

Health: 0/40       AC:  6    Str: 19    XL:     4   Next: 58%
Magic:  4/4        EV: 10    Int:  9    God:
Gold:   95         SH:  9    Dex: 10    Spells: 3/3 levels left

rFire    . . .     SeeInvis .   a - +0 flail
rCold    . . .     Gourm    .   b - +0 shield
rNeg     . . .     Faith    .   (armour unavailable)
rPois    .         Spirit   .   (helmet restricted)
rElec    .         Reflect  .   (no cloak)
rCorr    .         Harm     .   j - +0 pair of gloves
MR       .....                  (no boots)
Stlth    ++........             (no amulet)
HPRegen  0.13/turn              i - ring of stealth
MPRegen  0.09/turn              (no ring)

@: no status effects
A: unfitting armour, cold-blooded, AC +5
a: no special abilities


You were on level 2 of the Dungeon.
You were not hungry.

You visited 1 branch of the dungeon, and saw 2 of its levels.

You collected 95 gold pieces.

Inventory:

Hand Weapons
 a - a +0 flail (weapon)
Armour
 b - a +0 shield (worn)
 j - a +0 pair of gloves (worn)
Jewellery
 i - a ring of stealth (left hand)
Scrolls
 e - a scroll of enchant weapon {unknown}
 g - a scroll of remove curse {unknown}
 h - a scroll of teleportation {unknown}
 k - a scroll of magic mapping {unknown}
 o - a scroll of noise {unknown}
Potions
 c - a potion of might
 f - a potion of mutation {unknown}
 m - 2 potions of flight {unknown}
 n - a potion of agility {unknown}
Comestibles
 d - 3 rations
 l - a chunk of flesh


   Skills:
 + Level 4.0 Fighting
 + Level 2.9 Maces & Flails
 + Level 3.3 Dodging
 + Level 3.8 Shields


You had 3 spell levels left.
You didn't know any spells.
Your spell library was empty.

Dungeon Overview and Level Annotations

Branches:
Dungeon (2/15)

Altars:
Nemelex Xobeh
Qazlal


Innate Abilities, Weirdness & Mutations

Your plain brown scales are hard. (AC +5)
You cannot fit into any form of body armour.
You are cold-blooded and may be slowed by cold attacks.


Message History

The gnoll is moderately wounded.
The gnoll closely misses you. The gnoll hits you.
The gnoll hits you from afar with a +0 halberd.
The gnoll hits you with a +0 halberd. The gnoll completely misses you.
The gnoll barely misses you.
You hit the gnoll. You tail-slap the gnoll.
The gnoll is almost dead.
The gnoll misses you. You block the gnoll's attack.
The gnoll barely misses you.
You hit the gnoll.
You kill the gnoll!
Your Fighting skill increases to level 4!
The gnoll barely misses you. The gnoll hits you with a +0 halberd!
You sock the gnoll!
You kill the gnoll!
The gnoll hits you with a +0 halberd.
You hit the gnoll.
Your tail-slap misses the gnoll.
The gnoll is heavily wounded.
The gnoll hits you with a +0 halberd!
You die...

#....########
##>..........
####+#.........
#......#######.
#########......#######.
#.......#......#.......
#.......#..............
#.....†.#......#.......
#....)@................
#....g..####.###.......
#.......# #...........
#######.# ############
#.# #.... #.# #.... #.#
#.... #.# #.... #....


You could see a gnoll.

Vanquished Creatures
  Terence (D:2)
  An adder (D:2)
  2 gnolls (D:2)
  4 dart slugs
  2 worms (D:2)
  2 leopard geckos
  5 bats (D:1)
  3 giant cockroaches
  4 hobgoblins
  4 kobolds
  4 frilled lizards (D:1)
  6 goblins
  5 rats
  A bush (D:1)
44 creatures vanquished.

Notes
Turn   | Place    | Note
-------+----------+-------------------------------------------
     0 | D:1      | OneEyedShark the Draconian Fighter began the quest for the
                  | Orb.
     0 | D:1      | Reached XP level 1. HP: 19/19 MP: 1/1
    96 | D:1      | Reached XP level 2. HP: 5/26 MP: 2/2
   459 | D:1      | Found a sparkling altar of Nemelex Xobeh.
   773 | D:1      | Reached XP level 3. HP: 33/33 MP: 3/3
  1355 | D:2      | Found a stormy altar of Qazlal.
  1569 | D:2      | Noticed Terence
  1583 | D:2      | Killed Terence
  1583 | D:2      | Reached XP level 4. HP: 36/40 MP: 4/4
  1715 | D:2      | Reached skill level 4 in Fighting
  1717 | D:2      | Slain by a gnoll

Skill      XL: |  1  2  3  4 |
---------------+-------------+-----
Dodging        | 3 |  3.3
Fighting       | 4 |  4.0
Maces & Flails | |  2.9
Shields        | |  3.8

Action                   |  1- 3 |  4- 6 || total
-------------------------+-------+-------++-------
Melee: Flail             |   191 |     8 ||   199
       Tailslap          |    22 |     2 ||    24
 Stab: Sleeping          |     2 |       ||     2
  Eat: Chunk             |     3 |       ||     3
Armor: Skin              |    39 |     1 ||    40
Dodge: Dodged            |    46 |     6 ||    52
Block: Shield            |    50 |     4 ||    54
